 Dungeon Crawl Stone Soup version 0.27.1 (webtiles) character file.

Game seed: 12005467498947740421

12 nxtlvl the Chopper (level 2, 24/26 HPs)
             Began as a Draconian Berserker on Aug 23, 2021.
             Was a Follower of Trog.
             Quit the game on level 1 of the Dungeon.
             The game lasted 00:01:50 (335 turns).

nxtlvl the Chopper (Draconian Berserker)             Turns: 335, Time: 00:01:51

Health: 24/26      AC:  4    Str: 19    XL:     2   Next: 20%
Magic:  2/2        EV: 12    Int:  7    God:    Trog [*.....]
Gold:   25         SH:  0    Dex: 10    Spells: 1/1 levels left

rFire    . . .     SeeInvis .   a - +0 hand axe
rCold    . . .     Faith    .   (no shield)
rNeg     . . .     Spirit   .   (armour unavailable)
rPois    .         Reflect  .   (helmet restricted)
rElec    .         Harm     .   (no cloak)
rCorr    .         Rampage  .   (no gloves)
Will     .....                  (no boots)
Stlth    +.........             (no amulet)
HPRegen  0.08/turn              (no ring)
MPRegen  0.08/turn              (no ring)

@: no status effects
A: AC +4, unfitting armour, cold-blooded
a: Renounce Religion, Berserk


You were on level 1 of the Dungeon.
You worshipped Trog.
Trog was aware of your devotion.
You visited 1 branch of the dungeon, and saw 1 of its levels.

You collected 25 gold pieces.

Inventory:

Hand Weapons
 a - a +0 hand axe (weapon)
Missiles
 b - 12 sling bullets
 e - 18 arrows
Scrolls
 d - a scroll of noise {unknown}
Potions
 c - a potion of resistance {unknown}


   Skills:
 - Level 3.2 Fighting
 * Level 3.7 Axes
 - Level 2.6 Dodging


You had one spell level left.
You didn't know any spells.
Your spell library was empty.

Dungeon Overview and Level Annotations

Branches:
Dungeon (1/15)

Altars:


Innate Abilities, Weirdness & Mutations

Your plain brown scales are hard. (AC +4)
You cannot fit into any form of body armour.
You are cold-blooded and may be slowed by cold attacks.


Message History

You closely miss the bat. The bat misses you.
You miss the bat. The bat closely misses you.
You miss the bat. The bat completely misses you.
You closely miss the bat. The bat closely misses you.
You barely miss the bat.
Your tail-slap misses the bat.
The bat hits you but does no damage. The bat barely misses you.
You closely miss the bat. The bat misses you.
The bat hits you but does no damage.
You barely miss the bat.
Your tail-slap misses the bat.
The bat closely misses you.
You barely miss the bat. The bat closely misses you. The bat barely misses you.
You closely miss the bat.
Your tail-slap misses the bat.
The bat hits you but does no damage. x2
You hit the bat but do no damage. The bat closely misses you.
The bat misses you.
You completely miss the bat. The bat barely misses you.
You hit the bat.
You kill the bat!
Trog accepts your kill.
Found a chain mail.
You see here a +0 chain mail.
A quokka comes into view.
You hit the quokka but do no damage. The quokka bites you.
You hit the quokka.
The quokka is moderately wounded.
The quokka bites you but does no damage.
The quokka closely misses you.
You closely miss the quokka.
The quokka is moderately wounded.
The quokka barely misses you.
You miss the quokka.
The quokka is moderately wounded.
The quokka bites you.
You slash the quokka!
You kill the quokka!
Trog accepts your kill.
You see here a quokka corpse.
You see here a quokka corpse.
Are you sure you want to abandon this character and quit the game? (Confirm with "yes".)

...##....#######...#######.#
...##..........#...#.......#
...##..........#...#.......#
...#...........#...#.......#
...#...†.....^.#...#.......#
.........#######...#########
.........# #...# ####.....#
#...# #.....#######@..#
#.#.#...........#
.#.#.##########.##########
#.#.#.# #..........# .#. .#.
##.####.##.# .#.#
#.####.##.# ... #.#....##.#
## #.#.#####.# .#
#.#.#####[#


There were no monsters in sight!

Vanquished Creatures
  A dart slug (D:1)
  A bat (D:1)
  An endoplasm (D:1)
  A goblin (D:1)
  2 hobgoblins (D:1)
  A quokka (D:1)
  A frilled lizard (D:1)
  A kobold (D:1)
9 creatures vanquished.

Vanquished Creatures (others)
  2 fungi (D:1)
2 creatures vanquished.

Grand Total: 11 creatures vanquished

Notes
Turn   | Place    | Note
-------+----------+-------------------------------------------
     0 | D:1      | nxtlvl the Draconian Berserker began the quest for the Orb.
     0 | D:1      | Reached XP level 1. HP: 19/19 MP: 1/1
   135 | D:1      | Found a faded altar of an unknown god.
   177 | D:1      | Reached XP level 2. HP: 20/26 MP: 2/2
   335 | D:1      | Quit the game

Illustrated notes

Levels and vault maps discovered:
D:1:      dpeg_arrival_connections, layout_basic,
          shapermc_ecumenical_altar_rom_forum, serial_co_window_serial,
          co_window_paths_a, co_window_paths_b, co_window_paths_a,
          co_window_corner_a, co_window_paths_a, co_window_cross_3,
          co_window_unsneaky_path_e, co_window_paths_c, co_window_cross_4,
          co_window_sun, co_window_4corner_b, glass_columns_a

Action                   || total
-------------------------++-------
Melee: Hand axe          ||    39
       Tailslap          ||     5
Armor: Skin              ||     9
Dodge: Dodged            ||    30
